 Dungeon Crawl Stone Soup version 0.28.0-43-g3370ac3207 (webtiles) character file.

Game seed: 4415648264060200609

68 Peloso the Covered (level 4, -2/40 HPs)
             Began as a Minotaur Fighter on Mar 14, 2022.
             Slain by a water moccasin (6 damage)
             ... on level 3 of the Dungeon.
             The game lasted 00:02:25 (1600 turns).

Peloso the Covered (Minotaur Fighter)               Turns: 1600, Time: 00:02:26

Health: -2/40      AC: 12    Str: 20    XL:     4   Next: 1%
Magic:  3/3        EV:  7    Int:  5    God:
Gold:   108        SH:  5    Dex: 12    Spells: 3/3 levels left

rFire   . . .      SeeInvis .   a - +0 long sword
rCold   . . .      Faith    .   c - +0 buckler
rNeg    . . .      Spirit   .   e - +3 chain mail {rPois}
rPois   +          Reflect  .   (helmet restricted)
rElec   .          Harm     .   (no cloak)
rCorr   .          Rampage  .   (no gloves)
Will    .....                   (no boots)
Stlth   ..........              (no amulet)
HPRegen 0.13/turn               (no ring)
MPRegen 0.08/turn               (no ring)

@: no status effects
A: horns 2, retaliatory headbutt
a: no special abilities


You were on level 3 of the Dungeon.
You visited 1 branch of the dungeon, and saw 3 of its levels.

You collected 108 gold pieces.

Inventory:

Hand Weapons
 a - a +0 long sword (weapon)
Armour
 b - a +0 scale mail
 c - a +0 buckler (worn)
 e - a +3 chain mail of poison resistance (worn)
 g - a +0 plate armour
Potions
 d - 2 potions of might
 h - 3 potions of magic {unknown}
 i - a potion of mutation {unknown}
 j - 2 potions of brilliance {unknown}


   Skills:
 + Level 4.2 Fighting
 + Level 3.4 Long Blades
 + Level 4.4 Armour
 + Level 4.1 Shields


You had 3 spell levels left.
You didn't know any spells.
Your spell library contained the following spells:

 Spells                   Type           Power      Damage    Failure   Level
 Sublimation of Blood     Necr           0%         N/A       100%        2
 Wereblood                Tmut           0%         N/A       100%        2
 Alistair's Intoxication  Tmut/Pois      0%         N/A       100%        5
 Borgnjor's Vile Clutch   Necr/Erth      0%         N/A       100%        5
 Eringya's Noxious Bog    Tmut/Pois      0%         N/A       100%        6
 Summon Hydra             Summ           0%         N/A       100%        7


Dungeon Overview and Level Annotations

Branches:
Dungeon (3/15)

Altars:


Innate Abilities, Weirdness & Mutations

You have a pair of horns on your head.
You reflexively headbutt those who attack you in melee.


Message History

You hit the water moccasin.
The water moccasin is lightly wounded.
The water moccasin bites you but does no damage.
The water moccasin bites you.
You closely miss the water moccasin. You headbutt the water moccasin.
The water moccasin is moderately wounded.
The water moccasin bites you.
You miss the water moccasin.
The water moccasin is moderately wounded.
The water moccasin bites you! The water moccasin barely misses you.
You barely miss the water moccasin.
The water moccasin is moderately wounded.
The water moccasin bites you but does no damage.
The water moccasin barely misses you. You furiously retaliate!
You headbutt the water moccasin. You closely miss the water moccasin.
Your headbutt misses the water moccasin.
The water moccasin is moderately wounded.
The water moccasin bites you but does no damage.
The water moccasin bites you!
* * * LOW HITPOINT WARNING * * *
You closely miss the water moccasin.
The water moccasin is moderately wounded.
The water moccasin bites you but does no damage.
The water moccasin completely misses you.
You closely miss the water moccasin.
The water moccasin is moderately wounded.
The water moccasin bites you but does no damage.
Unknown command.
You slash the water moccasin!
The water moccasin is severely wounded.
The water moccasin bites you.
* * * LOW HITPOINT WARNING * * *
The water moccasin barely misses you.
Unknown command.
You hit the water moccasin.
The water moccasin is almost dead.
The water moccasin bites you but does no damage.
The water moccasin bites you.
You die...

..#.####... .
####.#........ ..
#....#........
...##....#†.....##
.................
..#...†#.##+##..
#.....)...# .
#.........#
.#@........#
......S.....<...#
.......#.......##
.#.##..#.......# #
#..#.).....#
#..#####...# ...
#...# .#.. #.##.
#.# ..


You could see a water moccasin.

Vanquished Creatures
  Terence (D:3)
  2 ball pythons
  6 bats
  2 endoplasms
  3 giant cockroaches
  3 goblins
  4 hobgoblins
  9 jackals (D:2)
  2 frilled lizards (D:2)
  4 kobolds
  2 rats (D:1)
38 creatures vanquished.

Notes
Turn   | Place    | Note
-------+----------+-------------------------------------------
     0 | D:1      | Peloso the Minotaur Fighter began the quest for the Orb.
     0 | D:1      | Reached XP level 1. HP: 19/19 MP: 0/0
   465 | D:1      | Reached XP level 2. HP: 24/27 MP: 1/1
  1209 | D:2      | Reached XP level 3. HP: 30/33 MP: 2/2
  1497 | D:3      | Noticed Terence
  1511 | D:3      | Killed Terence
  1586 | D:3      | Noticed a water moccasin
  1590 | D:3      | Reached XP level 4. HP: 31/40 MP: 3/3
  1600 | D:3      | Slain by a water moccasin

Illustrated notes

Levels and vault maps discovered:
D:1:      lightli_arrival_flooded_house, layout_basic
D:2:      layout_rooms
D:3:      layout_basic, shapermc_ecumenical_altar_venn, uniq_terence

Skill      XL: |  1  2  3 |
---------------+----------+-----
Armour         | 4 |  4.4
Fighting       | 4 |  4.2
Shields        | 4 |  4.1
Long Blades    | 3 |  3.4

Action                   |  1- 3 |  4- 6 || total
-------------------------+-------+-------++-------
Melee: Long sword        |    94 |    11 ||   105
       Headbutt          |     9 |     1 ||    10
  Use: Scroll            |     3 |       ||     3
Armor: Scale mail        |    18 |       ||    18
       Plate armour      |    83 |       ||    83
       Chain mail        |     2 |     8 ||    10
Dodge: Dodged            |    46 |     4 ||    50
Block: Buckler           |    28 |     1 ||    29
